 Dungeon Crawl Stone Soup version 0.29-a0-234-g0dae59b3db (webtiles) character file.

Game seed: 10485444034310011024

79 PaleWalker the Bolt Thrower (level 4, 0/26 HPs)
             Began as a Kobold Hunter on Mar 4, 2022.
             Was a Plaything of Xom.
             Slain by an orc wizard
             ... wielding a +0 dagger
              (2 damage)
             ... on level 3 of the Dungeon.
             The game lasted 00:04:54 (2683 turns).

PaleWalker the Bolt Thrower (Kobold Hunter)         Turns: 2683, Time: 00:04:55

Health: 0/26       AC:  3    Str:  9    XL:     4   Next: 62%
Magic:  4/4        EV: 15    Int: 12    God:    Xom [..*...]
Gold:   83         SH:  0    Dex: 17    Spells: 3/3 levels left

rFire   . . .      SeeInvis .   a - +1 hand crossbow
rCold   . . .      Faith    .   (no shield)
rNeg    . . .      Spirit   .   b - +0 leather armour
rPois   +          Reflect  .   (no helmet)
rElec   .          Harm     .   (no cloak)
rCorr   .          Rampage  .   (no gloves)
Will    .....                   (no boots)
Stlth   +++.......              (no amulet)
HPRegen 0.08/turn               h - ring of poison resistance
MPRegen 0.09/turn               (no ring)

@: no status effects
A: small, no large weapons, nightstalker 3
a: Renounce Religion


You were on level 3 of the Dungeon.
You worshipped Xom.
You were a toy of Xom.
You visited 1 branch of the dungeon, and saw 3 of its levels.

You collected 83 gold pieces.

Inventory:

Hand Weapons
 a - a +1 hand crossbow (weapon)
Armour
 b - a +0 leather armour (worn)
Jewellery
 h - a ring of poison resistance (left hand)
Scrolls
 c - 2 scrolls of immolation
 g - a scroll of torment {unknown}
 j - 2 scrolls of blinking {unknown}
 l - 2 scrolls of identify {unknown}
 m - a scroll of fear {unknown}
 n - a scroll of enchant weapon {unknown}
 o - a scroll of noise {unknown}
 p - a scroll of vulnerability {unknown}
Potions
 d - a potion of lignification {unknown}
 e - a potion of magic {unknown}
 f - 2 potions of resistance {unknown}
 i - a potion of curing {unknown}
 k - a potion of attraction {unknown}


   Skills:
 - Level 2.2 Fighting
 * Level 6.5 Crossbows
 + Level 3.3 Dodging
 + Level 3.1 Stealth


You had 3 spell levels left.
You didn't know any spells.
Your spell library was empty.

Dungeon Overview and Level Annotations

Branches:
Dungeon (3/15)

Altars:
Xom

Annotations:
D:3 Sigmund


Innate Abilities, Weirdness & Mutations

You are small and have problems with some larger weapons.
You are completely attuned to the shadows.


Message History

Press: ? - help, Q - select action Shift-Dir - straight line, f/p - orc
Aim: an orc, wielding a +0 short sword (moderately wounded, 66% to hit)
You shoot a bolt. The bolt closely misses the orc.
The orc hits you with a +0 short sword.
You hear some strange, mumbled words.
A puff of flame appears from out of thin air!
The puff of flame misses you.
Shoot: a) +1 hand crossbow
Press: ? - help, Q - select action Shift-Dir - straight line, p - orc You shoot a bolt.
The orc closely misses you. Something hits you but does no damage.
The orc closely misses you.
Shoot: a) +1 hand crossbow
Press: ? - help, Q - select action Shift-Dir - straight line You shoot a bolt.
You hear some strange, mumbled words.
You are confused.
The orc completely misses you.
You clumsily bash the orc but do no damage.
The orc is moderately wounded.
Something hits you but does no damage. The orc hits you with a +0 short sword.
Something hits you but does no damage. Something hits you.
The orc hits you with a +0 short sword.
You feel less confused. Something hits you.
* * * LOW HITPOINT WARNING * * *
The orc hits you with a +0 short sword.
* * * LOW HITPOINT WARNING * * *
As you read the scroll labelled WUFON FUOR DUMOIN, it crumbles to dust.
The creatures around you are filled with an inner flame!
It was a scroll of immolation.
Something hits you but does no damage. The orc hits you with a +0 short sword.
* * * LOW HITPOINT WARNING * * *
Shoot: a) +1 hand crossbow
Press: ? - help, Q - select action Shift-Dir - straight line, f - orc
Aim: an orc, wielding a +0 short sword (moderately wounded, inner flame, 66% to hit)
Okay, then.
Something hits you.
You die... "It's all fun and games until someone loses an eye."

, * ,, ######.oo,*
* ##?....... , ,
*##.........
*#..o....... #...
#..........,
#...*#...@......,,,
#...##..........,
#...............,,
#....##.........,
#....###........ ,
#....# #.##.....
.....###.##.....,
......<..# .., ,,
....###.# , ,


You could see an orc (inner flame).

Vanquished Creatures
  2 adders (D:2)
  3 worms (D:2)
  A dart slug (D:1)
  An orc (D:2)
  8 ball pythons (D:1)
  An endoplasm (D:1)
  4 giant cockroaches
  2 goblins
  6 hobgoblins
  4 quokkas
  2 bats
  A frilled lizard (D:1)
  7 kobolds
  7 rats
49 creatures vanquished.

Notes
Turn   | Place    | Note
-------+----------+-------------------------------------------
     0 | D:1      | PaleWalker the Kobold Hunter began the quest for the Orb.
     0 | D:1      | Reached XP level 1. HP: 12/12 MP: 1/1
    52 | D:1      | Reached XP level 2. HP: 17/17 MP: 2/2
   565 | D:1      | Reached XP level 3. HP: 21/21 MP: 3/3
   836 | D:1      | Reached skill level 6 in Crossbows
  1583 | D:2      | Reached XP level 4. HP: 26/26 MP: 4/4
  1999 | D:2      | Found a faded altar of an unknown god.
  2004 | D:2      | Prayed at the altar of an unknown god.
  2004 | D:2      | Became a worshipper of Xom of Chaos
  2289 | D:3      | XOM: divination: magic mapping
  2414 | D:3      | Noticed Sigmund
  2683 | D:3      | Slain by an orc wizard

Illustrated notes

Levels and vault maps discovered:
D:1:      onia_arrival_handbag, layout_basic, st_stairs_7
D:2:      layout_loops_ring, ebering_ecumenical_altar_hall
D:3:      layout_rooms, uniq_sigmund, uniq_crazy_yiuf_cottage

Skill      XL: |  1  2  3  4 |
---------------+-------------+-----
Stealth        | 2 3 |  3.1
Crossbows      | 6 |  6.5
Dodging        | 3 |  3.3
Fighting       | |  2.2

Action                   |  1- 3 |  4- 6 || total
-------------------------+-------+-------++-------
Melee: Hand crossbow     |       |     1 ||     1
 Fire: Hand crossbow     |    76 |    54 ||   130
  Use: Scroll            |       |     1 ||     1
Armor: Leather armour    |     5 |    10 ||    15
Dodge: Dodged            |    23 |    27 ||    50

Table legend: (Time is in decaauts)
 A = Elapsed time spent in this place.
 B = Non-inter-level travel time spent in this place.
 C = Inter-level travel time spent in this place.
 D = Time resting spent in this place.
 E = Time spent auto-exploring this place.
 F = Levels seen in this place.
 G = Mean time per level.
                   A        B        C        D        E       F      G
               +--------+--------+--------+--------+--------+-----+--------+
         Total |   2719 |   2451 |    268 |    200 |   1905 |   3 |  906.3 |
       Dungeon |   2719 |   2451 |    268 |    200 |   1905 |   3 |  906.3 |
               +--------+--------+--------+--------+--------+-----+--------+

Top non-repeatable levels by time:
     D:2: 1408 daAuts
     D:1: 1123 daAuts
     D:3: 188 daAuts
